 Dungeon Crawl Stone Soup version 0.31.0-12-g77e489cdc1 (webtiles) character file.

Game seed: 2342771356022470547

1357 112233 the Grave Robber (level 8, -6/58 HPs)
             Began as a Demonspawn Necromancer on Feb 12, 2024.
             Killed from afar by Maurice (15 damage)
             ... with an iceblast
             ... on level 7 of the Dungeon.
             The game lasted 00:08:36 (6833 turns).

112233 the Grave Robber (Demonspawn Necromancer)    Turns: 6833, Time: 00:08:36

Health: -6/58      AC:  3    Str:  9    XL:     8   Next: 37%
Magic:  1/16       EV: 13    Int: 18    God:
Gold:   219        SH:  0    Dex: 13    Spells: 11/18 levels left

rFire   . . .        h - +2 short sword (drain)
rCold   . . .        (no shield)
rNeg    + . .        a - +0 robe
rPois   +            (no helmet)
rElec   .            (no cloak)
rCorr   .            (no gloves)
SInv    .            j - +0 pair of boots {Fly}
Will    .....        (no amulet)
Stlth   ++           k - ring of positive energy
HPRegen 0.29/turn    m - ring of poison resistance
MPRegen 0.15/turn

%: no passive effects
@: flying
A: hooves 1, sturdy frame 2, demonic magic 1
a: no special abilities


You were on level 7 of the Dungeon.
You visited 1 branch of the dungeon, and saw 7 of its levels.

You collected 399 gold pieces.
You spent 180 gold pieces at shops.

Inventory:

Hand Weapons
 c - a +0 club
 h - a +2 short sword of draining (weapon)
Missiles
 w - a throwing net
 D - 2 poisoned darts
Armour
 a - a +0 robe (worn)
 j - a +0 pair of boots of flying (worn)
Jewellery
 g - a ring of ice
 k - a ring of positive energy (left hand)
 m - a ring of poison resistance (right hand)
 o - a ring of protection from fire
Talismans
 n - a serpent talisman
Wands
 l - a wand of charming (10)
 s - a wand of iceblast (7)
Scrolls
 d - 5 scrolls of identify {unknown}
 f - 3 scrolls of enchant armour {unknown}
 i - 4 scrolls of poison {unknown}
 q - a scroll of amnesia {unknown}
 v - a scroll of enchant weapon {unknown}
 x - a scroll of teleportation {unknown}
 y - 3 scrolls of noise {unknown}
 A - a scroll of revelation {unknown}
 E - a scroll of fog {unknown}
Potions
 b - a potion of magic
 e - a potion of cancellation {unknown}
 p - a potion of haste
 r - a potion of heal wounds {unknown}
 t - a potion of attraction {unknown}
 u - a potion of invisibility {unknown}
 z - a potion of might {unknown}
 B - a potion of berserk rage {unknown}


   Skills:
 + Level 3.3 Fighting
 + Level 4.6 Dodging
 - Level 3.4 Stealth
 * Level 5.7 Spellcasting
 + Level 1.2 Conjurations
 + Level 6.8 Necromancy


You had 11 spell levels left.
You knew the following spells:

 Your Spells              Type           Power      Damage    Failure   Level
a - Necrotise             Necr           100%       1d9       1%          1
b - Vampiric Draining     Necr           29%        2d8       2%          3
c - Stone Arrow           Conj/Erth      14%        3d7       28%         3

Your spell library contained the following spells:

 Spells                   Type           Power      Damage    Failure   Level
 Animate Dead             Necr           29%        N/A       8%          4
 Sandblast                Erth           10%        2d5       12%         1
 Curse of Agony           Necr           29%        N/A       21%         5
 Ozocubu's Armour         Ice            5%         N/A       36%         3
 Passwall                 Erth           5%         N/A       36%         3
 Brom's Barrelling Bould  Conj/Erth      7%         2d3       67%         4
 Metabolic Englaciation   Hex/Ice        2%         N/A       98%         5
 Sculpt Simulacrum        Ice/Alch       2%         N/A       100%        6


Dungeon Overview and Level Annotations

Branches:
Dungeon (7/15)
 Temple: D:4-7

Altars:
Dithmenos
Xom

Shops:
D:2 [

Annotations:
D:5 Grinder
D:6 exclusion: downstairs
D:7 Maurice


Innate Abilities, Weirdness & Mutations

You have large cloven feet.
Your movements are less encumbered by armour. (ER -4)
Spells you cast may paralyse adjacent enemies.


Message History

Unknown command.
Casting: Vampiric Draining (dangerous; 2% risk of failure)
Confirm with . or Enter, or press ? or * to list all spells.
Aiming: Vampiric Draining (dangerous; 2% risk of failure)
Press: ? - help, Shift-Dir - straight line Nothing appears to happen.
Malevolent energies surge around you.
Unknown command.
Casting: Vampiric Draining (dangerous; 2% risk of failure)
Confirm with . or Enter, or press ? or * to list all spells.
Aiming: Necrotise (safe; 1% risk of failure)
Press: ? - help, Shift-Dir - straight line Something writhes in agony.
Malevolent energies surge around you.
You hear a zap.
An iceblast appears from out of thin air!
The mass of ice explodes!
The iceblast engulfs you!
Unknown command.
Casting: Necrotise (safe; 1% risk of failure)
Confirm with . or Enter, or press ? or * to list all spells.
Aiming: Necrotise (safe; 1% risk of failure)
Press: ? - help, Shift-Dir - straight line Something writhes in agony.
Malevolent energies surge around you.
You hear a zap.
An iceblast appears from out of thin air!
The mass of ice explodes!
The iceblast engulfs you!
Unknown command.
Casting: Necrotise (safe; 1% risk of failure)
Confirm with . or Enter, or press ? or * to list all spells.
Aiming: Necrotise (safe; 1% risk of failure)
Press: ? - help, Shift-Dir - straight line Nothing appears to happen.
Malevolent energies surge around you.
Unknown command.
Aiming: Iceblast
Press: ? - help, Shift-Dir - straight line The mass of ice explodes!
The iceblast engulfs something!
The iceblast engulfs you!!
* * * LOW HITPOINT WARNING * * *
You hear a zap.
An iceblast appears from out of thin air!
The mass of ice explodes!
The iceblast engulfs you!
You die...

.. #.# #.. #.. #.#
.# #.#...# . ##....#
#.###########@#####
#..(..).....${#...#
............#.#...#
#....<..).#.....#
#.......#.###.......
#.......#..# !..###.
#......###....!.#
......... ......#
###.......# ###....


There were no monsters in sight!

Vanquished Creatures
  Prince Ribbit (D:5)
  A wyvern (D:5)
  2 centaurs (D:7)
  A scorpion (D:4)
  A bombardier beetle (D:5)
  3 hounds
  3 orc priests
  A gnoll bouda (D:4)
  2 jellies
  A sleepcap (D:6)
  5 iguanas
  4 orc wizards
  5 adders
  6 gnolls
  2 ufetubi (D:6)
  6 ribbon worms
  3 dart slugs
  18 orcs
  9 ball pythons
  7 endoplasms
  5 giant cockroaches
  6 hobgoblins
  8 kobolds
  2 quokkas
  2 bats (D:1)
  9 frilled lizards
  7 goblins
  2 rats (D:1)
122 creatures vanquished.

Vanquished Creatures (collateral kills)
  An orc (D:2)
  An endoplasm (D:1)
  A bat (D:1)
  A goblin (D:1)
4 creatures vanquished.

Grand Total: 126 creatures vanquished

Notes
Turn   | Place    | Note
-------+----------+-------------------------------------------
     0 | D:1      | 112233 the Demonspawn Necromancer began the quest for the
                  | Orb.
     0 | D:1      | Reached XP level 1. HP: 13/13 MP: 3/3
   261 | D:1      | Gained mutation: Your movements are slightly less
                  | encumbered by armour. (ER -2) [demonic ancestry]
   261 | D:1      | Reached XP level 2. HP: 19/19 MP: 1/5
  1156 | D:2      | Gained mutation: You have large cloven feet. [demonic
                  | ancestry]
  1156 | D:2      | Reached XP level 3. HP: 20/22 MP: 1/6
  1231 | D:2      | Learned a level 3 spell: Vampiric Draining
  1646 | D:2      | Reached XP level 4. HP: 28/30 MP: 1/7
  1709 | D:2      | Found Nutry's Antique Armour Shop.
  1724 | D:2      | Bought a pair of glowing boots for 180 gold pieces
  2564 | D:3      | Reached skill level 5 in Necromancy
  2693 | D:3      | Found a shadowy altar of Dithmenos.
  3084 | D:3      | Reached XP level 5. HP: 35/35 MP: 3/9
  3779 | D:4      | Reached XP level 6. HP: 41/41 MP: 8/11
  4160 | D:4      | Reached skill level 1 in Fighting
  4606 | D:4      | Learned a level 3 spell: Stone Arrow
  4636 | D:5      | Entered Level 5 of the Dungeon
  4707 | D:5      | Gained mutation: Spells you cast may paralyse adjacent
                  | enemies. [demonic ancestry]
  4707 | D:5      | Reached XP level 7. HP: 41/48 MP: 5/13
  4971 | D:5      | Reached skill level 6 in Necromancy
  5257 | D:5      | Noticed a wyvern
  5264 | D:5      | Killed a wyvern
  5369 | D:5      | Noticed Prince Ribbit
  5376 | D:5      | Killed Prince Ribbit
  5377 | D:5      | Reached skill level 5 in Spellcasting
  5596 | D:5      | You are sucked into a shaft and drop 1 floor!
  5665 | D:6      | Gained mutation: Your movements are less encumbered by
                  | armour. (ER -4) [demonic ancestry]
  5665 | D:6      | Reached XP level 8. HP: 57/57 MP: 11/15
  5753 | D:6      | Found a shimmering altar of Xom.
  5754 | D:6      | Found a shimmering altar of Xom.
  5754 | D:6      | Found a shimmering altar of Xom.
  5754 | D:6      | Found a shimmering altar of Xom.
  6288 | D:7      | Noticed Maurice
  6602 | D:5      | Noticed Grinder
  6684 | D:7      | Reached skill level 1 in Conjurations
  6823 | D:7      | Something stole a beast talisman
  6833 | D:7      | Killed from afar by Maurice

Illustrated notes

Levels and vault maps discovered:
D:1:      noname_arrival_rooms_in_the_neighbourhood, layout_basic
D:2:      layout_basic, serial_shops, shop_coins
D:3:      layout_basic, overflow_temple_1_default
D:4:      layout_loops_ring
D:5:      layout_basic, elyvilon_altar_1, lemuel_coloured_pillars_altar,
          minmay_temple_entry_from_below_b, uniq_prince_ribbit1, uniq_grinder
D:6:      layout_gridville, xom_redecorated, grunt_tough_drop
D:7:      layout_rooms, serial_shops, nicolae_shop_overgrown_old_shop,
          kennysheep_cross_room, uniq_maurice

Skill      XL: |  1  2  3  4  5  6  7  8 |
---------------+-------------------------+-----
Dodging        | 2 3 4 |  4.6
Stealth        | 2 3 |  3.4
Necromancy     | 5 6 |  6.8
Spellcasting   | 3 4 5 |  5.7
Fighting       | 1 2 3 |  3.3
Conjurations   | 1 |  1.2

Action                     |  1- 3 |  4- 6 |  7- 9 || total
---------------------------+-------+-------+-------++-------
  Melee: Club              |    20 |       |       ||    20
         Short sword       |    10 |    30 |    13 ||    53
         Kick              |     3 |       |       ||     3
   Cast: Necrotise         |    77 |   144 |    71 ||   292
         Vampiric Draining |       |       |    14 ||    14
         Stone Arrow       |       |       |     1 ||     1
  Evoke: Wand              |       |       |     1 ||     1
    Use: Potion            |     1 |       |       ||     1
   Stab: Paralysed         |       |       |     5 ||     5
 Armour: Robe              |    29 |    51 |    39 ||   119
  Dodge: Dodged            |    27 |    69 |    31 ||   127
